 Dungeon Crawl Stone Soup version 0.27-a0-1196-g3e9cee4cb2 (webtiles) character file.

Game seed: 5656041803999818366

10913 Shayle the Covert (level 11, -11/130 HPs)
             Began as a Demonspawn Enchanter on May 29, 2021.
             Was a Follower of Makhleb.
             Killed from afar by an ice dragon (35 damage)
             ... with a blast of cold
             ... on level 10 of the Dungeon.
             The game lasted 00:42:45 (11948 turns).

Shayle the Covert (Demonspawn Enchanter)           Turns: 11948, Time: 00:42:46

Health: -11/130    AC: 11    Str: 10    XL:     11   Next: 42%
Magic:  16/16      EV: 15    Int: 22    God:    Makhleb [*.....]
Gold:   125        SH:  0    Dex: 16    Spells: 5/14 levels left

rFire    . . .     SeeInvis .   A - +6 scythe (venom)
rCold    . . .     Faith    .   (shield currently unavailable)
rNeg     . . .     Spirit   .   r - +2 troll leather armour
rPois    .         Reflect  .   (no helmet)
rElec    .         Harm     .   e - +2 cloak
rCorr    .         Rampage  .   (no gloves)
Will     .....                  (no boots)
Stlth    ..........             (no amulet)
HPRegen  1.31/turn              p - +6 ring of intelligence
MPRegen  0.15/turn              (no ring)

@: berserking, very quick
A: claws 1, powered by death 3, sharp scales 1, demonic magic 1
a: Renounce Religion


You were on level 10 of the Dungeon.
You worshipped Makhleb.
Makhleb was aware of your devotion.
You visited 2 branches of the dungeon, and saw 11 of its levels.
You also visited: Sewer and Bailey.

You collected 629 gold pieces.
You spent 504 gold pieces at shops.

Inventory:

Hand Weapons
 a - a +1 dagger
 n - the +3 battleaxe "Copurod" {freeze, rF+ Will++ Dex+3}
   (You found it on level 10 of the Dungeon)

   It has been specially enchanted to freeze those struck by it, causing extra
   injury to most foes and up to half again as much damage against particularly
   susceptible opponents.
   It can also slow down cold-blooded creatures.
   It affects your dexterity (+3).
   It protects you from fire.
   It greatly increases your willpower.
 A - a +6 scythe of venom (weapon)
 F - a +6 dagger of speed
Missiles
 C - a throwing net (quivered)
 G - a curare-tipped dart
 H - 3 boomerangs of dispersal
Armour
 c - a +0 ring mail
 e - a +2 cloak (worn)
 k - +1 ice dragon scales
 r - a +2 troll leather armour (worn)
 v - a +1 tower shield of protection
 I - a +2 robe of willpower
Jewellery
 p - a +6 ring of intelligence (left claw)
Wands
 f - a wand of digging (8)
 y - a wand of iceblast (21)
 E - a wand of polymorph (10)
Scrolls
 g - a scroll of teleportation
 o - 4 scrolls of amnesia
 q - a scroll of blinking
 s - 2 scrolls of immolation
 t - a scroll of fog
 w - 3 scrolls of enchant armour
 J - a scroll of fear {unknown}
Potions
 d - 4 potions of brilliance
 i - 3 potions of curing {unknown}
 j - 3 potions of flight
 l - 2 potions of haste
 m - 2 potions of invisibility {unknown}
 u - 2 potions of might
 x - 2 potions of resistance {unknown}
 z - a potion of magic {unknown}
 B - a potion of ambrosia {unknown}
 D - 2 potions of mutation


   Skills:
 - Level 8.8 Fighting
 - Level 0.8 Short Blades
 + Level 5.1 Armour
 - Level 8.3 Dodging
 - Level 9.2 Stealth
 - Level 2.0 Spellcasting
 - Level 3.0 Hexes
 + Level 7.4 Invocations
 + Level 5.6 Evocations


You had 5 spell levels left.
You knew the following spells:

 Your Spells              Type           Power      Damage    Failure   Level
a - Corona                Hex            16%        N/A       5%          1
b - Ensorcelled Hibernat  Hex/Ice        16%        N/A       14%         2
c - Confusing Touch       Hex            15%        N/A       16%         3
d - Tukima's Dance        Hex            15%        N/A       16%         3

Your spell library contained the following spells:

 Spells                   Type           Power      Damage    Failure   Level
 Animate Skeleton         Necr           4%         N/A       19%         1
 Apportation              Tloc           4%         N/A       19%         1
 Beastly Appendage        Tmut           4%         N/A       19%         1
 Magic Dart               Conj           8%         1d3       19%         1
 Sandblast                Erth           4%         2d4       19%         1
 Summon Small Mammal      Summ           8%         N/A       19%         1
 Passwall                 Tmut/Erth      1%         N/A       26%         2
 Poisonous Vapours        Pois/Air       4%         N/A       26%         2
 Searing Ray              Conj           4%         3d3       26%         2
 Wereblood                Tmut           2%         N/A       26%         2
 Dazzling Flash           Conj/Hex       16%        N/A       28%         3
 Conjure Flame            Conj/Fire      2%         6-21      47%         3
 Mephitic Cloud           Conj/Pois/Air  2%         N/A       47%         3
 Spider Form              Tmut/Pois      1%         N/A       47%         3
 Stone Arrow              Conj/Erth      4%         3d7       47%         3
 Fulminant Prism          Conj/Hex       4%         3d6       67%         4
 Ice Form                 Ice/Tmut       2%         N/A       87%         4
 Iskenderun's Mystic Bla  Conj/Tloc      2%         2d3       87%         4
 Petrify                  Tmut/Erth      2%         N/A       87%         4
 Summon Ice Beast         Ice/Summ       2%         N/A       87%         4
 Hydra Form               Tmut           1%         N/A       99%         5
 Lee's Rapid Deconstruct  Erth           1%         3d5*      99%         5
 Freezing Cloud           Conj/Ice/Air   1%         6-21      100%        6
 Simulacrum               Ice/Necr       1%         N/A       100%        6
 Ozocubu's Refrigeration  Ice            1%         4d5       100%        7


Dungeon Overview and Level Annotations

Branches:
Dungeon (10/15)            Temple (1/1) D:4           Sewer (visited)
 Bailey (visited)
   Lair: D:8-11         Orc: D:9-12

Altars:
Ashenzari
Cheibriados
Dithmenos
Elyvilon
Fedhas
Gozag
Hepliaklqana
Kikubaaqudgha
Makhleb
Nemelex Xobeh
Okawaru
Qazlal
Ru
Sif Muna
Trog
Uskayaw
Vehumet
Wu Jian
Xom
Yredelemnul
Zin
The Shining One

Shops:
D:8 [

Annotations:
D:10 3 runed translucent doors, Fannar; ZappyNine's ghost, journeyman SpBr


Innate Abilities, Weirdness & Mutations

You have sharp fingernails.
You regenerate a lot of health from kills.
You are partially covered in razor-sharp scales. (AC +1, Slay +1)
Spells you cast may paralyse adjacent enemies.


Message History

The ice dragon bites you. The ice dragon misses you.
The ice dragon closely misses you.
You hit the ice dragon.
The ice dragon is lightly wounded.
The ice dragon breathes frost at you. The blast of cold misses you.
The blast of cold hits you!
The blast of cold misses the ice dragon.
The ice dragon closely misses you.
The ice dragon claws you but does no damage.
The ice dragon tramples you but does no damage.
The ice dragon bites you but does no damage.
The ice dragon barely misses you. The ice dragon tramples you!
You stumble backwards!
You closely miss the ice dragon.
The ice dragon is lightly wounded.
The ice dragon is no longer covered in acid.
The ice dragon closely misses you.
The ice dragon claws you but does no damage.
The ice dragon tramples you!
You hold your ground!
The ice dragon misses you. The ice dragon barely misses you.
The ice dragon misses you.
A red film seems to cover your vision as you go berserk!
You feel yourself moving faster!
You feel mighty!
The ice dragon bites you but does no damage.
The ice dragon claws you. The ice dragon completely misses you.
You barely miss the ice dragon.
The ice dragon is lightly wounded.
The ice dragon bites you! The ice dragon claws you!
The ice dragon tramples you but does no damage.
You slash the ice dragon!
The ice dragon is moderately wounded.
The ice dragon closely misses you. The ice dragon claws you!
* * * LOW HITPOINT WARNING * * *
The ice dragon closely misses you. The ice dragon bites you!
* * * LOW HITPOINT WARNING * * *
The ice dragon misses you. The ice dragon completely misses you.
You hit the ice dragon.
The ice dragon is poisoned.
The ice dragon is moderately wounded.
The ice dragon breathes frost at you. The blast of cold hits you!!
You die...

..........##.....##.........#...#
.........##.......##.kk.....#....
+#......##.........##.......#....
.#.....##...##.##...##......#....
.#.....#...#.....#...#......#....
.#.....#...#.#)#.#...#......#....
.#...........|#.............+....
##.....#...#.#.#D#...#......+....
.......#...#....@# .#......#####
######.##...##.##...##...........
....##..##.........##............
....##...##.......## ...........
._♣.##....##.....## ...........
....##.....###.### ......##+##
....##).......... ..... #
................. .... #
....##......##### ...<..# #


You could see an ice dragon (very poisoned, catching breath).

Vanquished Creatures
  Josephine (D:9)
  3 two-headed ogres (D:10)
  3 orc knights (Bailey)
  Maurice (D:9)
  Joseph (D:8)
  A rime drake (D:10)
  A hornet (D:7)
  2 wraiths
  7 yaks
  Sigmund (D:5)
  2 wyverns
  Edmund (D:5)
  4 water moccasins
  An ice beast (D:10)
  6 orc warriors
  A necrophage (D:4)
  4 ogres
  2 centaurs
  2 kobold brigands
  Blork the orc (D:6)
  A scorpion (D:5)
  A gnoll sergeant (D:8)
  A water moccasin zombie (D:5)
  7 killer bees
  15 wights
  2 centaur zombies
  A hound (D:5)
  4 bullfrog skeletons
  4 orc priests
  A centaur skeleton (D:7)
  Jessica (D:3)
  A gnoll shaman (D:6)
  Terence (D:2)
  2 iguanas
  3 orc wizards
  A hound skeleton (D:5)
  A howler monkey zombie (D:9)
  A howler monkey skeleton (D:5)
  6 adders
  7 gnolls
  A river rat (D:5)
  A shadow imp (D:7)
  A white imp (D:7)
  A worm (D:5)
  32 orcs
  6 endoplasms
  3 giant cockroaches (D:1)
  7 goblins
  9 hobgoblins
  5 jackals
  3 quokkas
  8 ball pythons
  7 bats
  5 frilled lizards
  22 kobolds
  9 rats
226 creatures vanquished.

Vanquished Creatures (collateral kills)
  An orc warrior (Bailey)
1 creature vanquished.

Vanquished Creatures (others)
  A dancing weapon (Bailey)
  A human (D:5)
  A fungus (D:10)
  8 plants (D:10)
11 creatures vanquished.

Grand Total: 238 creatures vanquished

Notes
Turn   | Place    | Note
-------+----------+-------------------------------------------
     0 | D:1      | Shayle the Demonspawn Enchanter began the quest for the
                  | Orb.
     0 | D:1      | Reached XP level 1. HP: 13/13 MP: 3/3
   364 | D:1      | Gained mutation: Spells you cast may paralyse adjacent
                  | enemies. [demonic ancestry]
   364 | D:1      | Reached XP level 2. HP: 20/20 MP: 3/5
   440 | D:1      | Reached skill level 3 in Stealth
   483 | D:1      | Reached skill level 1 in Fighting
   493 | D:1      | Found a faded altar of an unknown god.
   958 | D:2      | Noticed Terence
   971 | D:2      | Killed Terence
   972 | D:2      | Gained mutation: You regenerate a little health from kills.
                  | [demonic ancestry]
   972 | D:2      | Reached XP level 3. HP: 6/27 MP: 0/6
  1454 | D:2      | Gained mutation: You are partially covered in razor-sharp
                  | scales. (AC +1, Slay +1) [demonic ancestry]
  1454 | D:2      | Reached XP level 4. HP: 33/33 MP: 7/7
  2548 | D:3      | Noticed Jessica
  2555 | D:3      | Killed Jessica
  2940 | D:4      | Found a staircase to the Ecumenical Temple.
  2950 | Temple   | Entered the Ecumenical Temple
  3059 | D:4      | Found a shimmering blue altar of Sif Muna.
  3096 | D:4      | Noticed a necrophage
  3106 | D:4      | Killed a necrophage
  3107 | D:4      | Reached skill level 4 in Stealth
  3107 | D:4      | Reached XP level 5. HP: 40/41 MP: 5/8
  3110 | D:4      | Learned a level 2 spell: Ensorcelled Hibernation
  3114 | D:4      | Learned a level 3 spell: Confusing Touch
  3154 | D:4      | You fall into a shaft and drop 1 floor!
  3154 | D:5      | Entered Level 5 of the Dungeon
  3159 | D:5      | Gained mutation: You regenerate health from kills. [demonic
                  | ancestry]
  3159 | D:5      | Reached XP level 6. HP: 47/47 MP: 6/9
  3277 | D:5      | Found an ancient bone altar of Kikubaaqudgha.
  3286 | D:5      | Found a glowing drain.
  3298 | Sewer    | Entered a sewer
  3942 | D:5      | Reached skill level 5 in Stealth
  3942 | D:5      | Gained mutation: You have sharp fingernails. [demonic
                  | ancestry]
  3942 | D:5      | Reached XP level 7. HP: 42/54 MP: 7/10
  3980 | D:5      | Found an opulent altar of Gozag.
  4128 | D:5      | Noticed a human
  4131 | D:5      | Killed a human
  4396 | D:5      | Noticed Edmund
  4403 | D:5      | Killed Edmund
  4482 | D:5      | Noticed Sigmund
  4488 | D:5      | Killed Sigmund
  4489 | D:5      | Reached skill level 5 in Fighting
  4489 | D:5      | Reached skill level 5 in Dodging
  4768 | D:6      | Noticed Blork the orc
  4774 | D:6      | Killed Blork the orc
  4775 | D:6      | Reached XP level 8. HP: 45/62 MP: 8/11
  4854 | D:6      | Reached skill level 6 in Stealth
  5466 | D:7      | Found a sparkling altar of Nemelex Xobeh.
  5642 | D:7      | Reached skill level 7 in Stealth
  5962 | D:7      | Noticed a hornet
  5970 | D:7      | Killed a hornet
  5971 | D:7      | Reached XP level 9. HP: 42/71 MP: 5/12
  6412 | D:8      | Found a flagged portal.
  6429 | Bailey   | Entered a bailey
  6541 | Bailey   | Noticed an orc knight
  6543 | Bailey   | Noticed an orc knight
  6544 | Bailey   | Noticed an orc knight
  6647 | Bailey   | Killed an orc knight
  6648 | Bailey   | Reached skill level 8 in Stealth
  6652 | Bailey   | Killed an orc knight
  7187 | Bailey   | Learned a level 3 spell: Tukima's Dance
  7221 | Bailey   | Killed an orc knight
  7484 | D:8      | Reached XP level 10. HP: 46/80 MP: 10/13
  8240 | D:8      | Reached skill level 9 in Stealth
  8401 | D:8      | Found Bazeemem's Antique Armour Shoppe.
  8807 | D:8      | Noticed Joseph
  8818 | D:8      | Killed Joseph
  9044 | Temple   | Became a worshipper of Makhleb the Destroyer
  9159 | D:8      | Bought a shiny troll leather armour for 504 gold pieces
  9332 | D:9      | Reached skill level 1 in Invocations
  9415 | D:9      | Reached skill level 1 in Evocations
  9434 | D:9      | Reached skill level 1 in Armour
  9539 | D:9      | Noticed Maurice
  9560 | D:9      | Killed Maurice
  9617 | D:10     | Entered Level 10 of the Dungeon
 10212 | D:9      | Reached * piety under Makhleb
 10829 | D:10     | Found a sacrificial altar of Ru.
 10861 | D:10     | Noticed Josephine
 11004 | D:9      | Killed Josephine
 11005 | D:9      | Reached skill level 5 in Invocations
 11005 | D:9      | Gained mutation: You regenerate a lot of health from kills.
                  | [demonic ancestry]
 11005 | D:9      | Reached XP level 11. HP: 17/87 MP: 11/15
 11162 | D:10     | Found a snail-covered altar of Cheibriados.
 11219 | D:10     | Noticed a two-headed ogre
 11237 | D:10     | Killed a two-headed ogre
 11320 | D:10     | Noticed an ice dragon
 11338 | D:10     | Noticed a two-headed ogre
 11344 | D:10     | Killed a two-headed ogre
 11422 | D:10     | Found a runed translucent gate.
 11422 | D:10     | Found a runed translucent gate.
 11422 | D:10     | Found a runed translucent gate.
 11456 | D:10     | Noticed a two-headed ogre
 11461 | D:10     | Noticed ZappyNine's ghost (journeyman SpBr)
 11624 | D:10     | Reached skill level 5 in Evocations
 11653 | D:10     | Noticed Fannar
 11749 | D:10     | Found an ornate altar of the Wu Jian Council.
 11772 | D:10     | Killed a two-headed ogre
 11847 | D:10     | Reached skill level 5 in Armour
 11934 | D:10     | Identified the +3 battleaxe "Copurod" {freeze, rF+ Will++
                  | Dex+3}
 11948 | D:10     | Killed from afar by an ice dragon

Illustrated notes

Levels and vault maps discovered:
D:1:      mushboom_english_gardens, layout_loops_ring, basic_ecumenical_altar
D:2:      kennysheep_six_static_rooms, layout_loops_ring, uniq_terence
D:3:      layout_loops_ring, uniq_jessica
D:4:      layout_gridville, lemuel_blue_sif_altar,
          minmay_temple_entry_gardened_gates
D:5:      layout_loops_cross, tgw_kikubaaqudgha, nicolae_gozag_seed_capital,
          cheibrodos_sewer_entry_sluice, sigmund_edmund_badplayer
D:6:      layout_rooms, uniq_blork_the_orc
D:7:      layout_rooms, tso_metal_star, nicolae_overflow_crystal_walls
D:8:      layout_basic, serial_shops, nicolae_shop_statue_plus, enter_bailey_5,
          uniq_joseph
D:9:      layout_basic, uniq_maurice
D:10:     minmay_coctagon, layout_irregular_city, nzn_wu_jian_contemplation,
          cheibriados_altar_1, nicolae_ru_the_path_less_chosen,
          gammafunk_ghost_icy, uniq_fannar, uniq_psyche, uniq_josephine
Temple:   zaba_magenta_temple

Skill      XL: |  1  2  3  4  5  6  7  8  9 10 11 |
---------------+----------------------------------+-----
Dodging        | 2 3 4 5 6 7 8 |  8.3
Stealth        | 3 4 5 7 8 9 |  9.2
Fighting       | 1 2 3 4 5 6 8 |  8.8
Invocations    | 5 7 |  7.4
Evocations     | 4 5 |  5.6
Armour         | 3 5 |  5.1
Short Blades   | |  0.8
Spellcasting   | |  2.0
Hexes          | |  3.0

Action                   |  1- 3 |  4- 6 |  7- 9 | 10-12 || total
-------------------------+-------+-------+-------+-------++-------
Melee: Dagger            |    94 |    79 |    18 |    84 ||   275
       Scythe            |       |       |   140 |   137 ||   277
Throw: Dart              |       |       |     1 |       ||     1
       Throwing net      |       |       |       |     1 ||     1
 Cast: Corona            |    20 |    40 |     9 |    73 ||   142
       Ensorcelled Hiber |       |     7 |    30 |    32 ||    69
       Confusing Touch   |       |     2 |       |       ||     2
       Tukima's Dance    |       |       |     3 |       ||     3
Evoke: Wand              |       |       |     9 |     8 ||    17
  Use: Scroll            |       |     7 |     4 |     9 ||    20
       Potion            |       |       |     3 |     5 ||     8
 Stab: Sleeping          |    12 |    14 |    23 |    17 ||    66
       Paralysed         |    10 |    26 |    29 |    36 ||   101
       Distracted        |       |     1 |       |       ||     1
Armor: Robe              |    32 |    20 |    63 |       ||   115
       Troll leather arm |       |       |       |   115 ||   115
       Ice dragon scales |       |       |       |    35 ||    35
Dodge: Dodged            |    57 |    59 |   170 |   290 ||   576

Table legend: (Time is in decaauts)
 A = Elapsed time spent in this place.
 B = Non-inter-level travel time spent in this place.
 C = Inter-level travel time spent in this place.
 D = Time resting spent in this place.
 E = Time spent auto-exploring this place.
 F = Levels seen in this place.
 G = Mean time per level.
                   A        B        C        D        E       F      G
               +--------+--------+--------+--------+--------+-----+--------+
         Total |  12275 |  11831 |    444 |   3368 |   5123 |  13 |  944.2 |
       Dungeon |  10778 |  10348 |    430 |   2665 |   4919 |  10 | 1077.8 |
        Temple |    101 |     87 |     14 |      0 |     54 |   1 |  101.0 |
         Sewer |    440 |    440 |      0 |    185 |     50 |   1 |  440.0 |
        Bailey |    954 |    954 |      0 |    518 |    100 |   1 |  954.0 |
               +--------+--------+--------+--------+--------+-----+--------+

Top non-repeatable levels by time:
     D:8: 2110 daAuts
     D:9: 1865 daAuts
     D:5: 1320 daAuts
     D:2: 1136 daAuts
  Bailey: 954 daAuts
     D:1: 937 daAuts
    D:10: 881 daAuts
     D:7: 831 daAuts
     D:3: 806 daAuts
     D:6: 666 daAuts
   Sewer: 440 daAuts
     D:4: 222 daAuts
  Temple: 101 daAuts
